 Dungeon Crawl Stone Soup version 0.14-a0-102-g2341383 (webtiles) character file.

236 Malachi the Sneak (level 4, -3/33 HPs)
             Began as a Vampire Assassin on Oct 2, 2013.
             Was an Initiate of Okawaru.
             Slain by an ooze (5 damage)
             ... on Level 2 of the Dungeon.
             The game lasted 00:05:08 (3524 turns).

Malachi the Sneak (Vampire Assassin)                Turns: 3524, Time: 00:05:09

HP  -3/33        AC  8     Str 10      XL: 4   Next: 46%
MP   4/4         EV 13     Int 14      God: Okawaru [......]
Gold 136         SH  0     Dex 15      Spells:  0 memorised,  3 levels left

Res.Fire  : . . .   See Invis. : +   q - +1,+2 flail (protect)
Res.Cold  : + . .   Warding    : .   c - +0 robe
Life Prot.: + + .   Conserve   : .   (no shield)
Res.Poison: +       Res.Corr.  : .   (no helmet)
Res.Elec. : .       Clarity    : .   d - +0 cloak
Sust.Abil.: . .     Spirit.Shd : .   (no gloves)
Res.Mut.  : .       Stasis     : .   (no boots)
Res.Rott. : +       Flight     : .   i - amulet of inaccuracy {unknown}
Saprovore : . . .                    (no ring)
                                     h - ring of wizardry

@: regenerating slowly, slightly resistant to hostile enchantments, very
stealthy
A: fangs 3, see invisible, unbreathing
a: Bat Form, Renounce Religion


You were on level 2 of the Dungeon.
You worshipped Okawaru.
Okawaru was noncommittal.
You were very thirsty.

You visited 1 branch of the dungeon, and saw 2 of its levels.

You collected 86 gold pieces.

Inventory:

Hand weapons
 a - a +2,+2 dagger
 b - a +0 blowgun
 q - a +1,+2 flail of protection (weapon)
Missiles
 e - 5 poisoned needles
 f - 2 curare-tipped needles
Armour
 c - a +0 robe (worn)
 d - a +0 cloak (worn)
Scrolls
 g - a scroll of random uselessness {unknown}
 j - 3 scrolls of identify {unknown}
 k - a scroll of enchant weapon I {unknown}
 l - a scroll of magic mapping {unknown}
 m - a scroll of blinking {unknown}
 n - a scroll of noise {unknown}
 p - a scroll of teleportation {unknown}
Jewellery
 h - a ring of wizardry (left hand)
 i - an amulet of inaccuracy (around neck) {unknown}
Potions
 o - 2 potions of curing


   Skills:
 + Level 2.0 Fighting
 + Level 2.9 Short Blades
 + Level 1.8 Throwing
 + Level 2.8 Dodging
 + Level 7.2 Stealth


You had 3 spell levels left.
You didn't know any spells.

Dungeon Overview and Level Annotations

Branches:
Dungeon (2/27)

Altars:
Okawaru


Innate Abilities, Weirdness & Mutations

You heal slowly.
You have razor-sharp teeth.*
You have supernaturally acute eyesight.
You can survive without breathing.*


Message History

The gnoll throws a throwing net.
The throwing net hits you!
You become entangled in the net!
You struggle against the net.
You try to slip out of the net.
The gnoll hits you with a flail.
* * * LOW HITPOINT WARNING * * *
You try to slip out of the net.
The gnoll barely misses you.
Wield which item (- for none, * to show all)? (? for menu, Esc to quit)
You feel protected!
q - a +1,+2 flail of protection (weapon)
You slip out of the net!
The gnoll hits you with a flail.
* * * LOW HITPOINT WARNING * * *
The ooze closely misses you.
You hit the gnoll.
The gnoll is lightly wounded.
The gnoll closely misses you. The ooze hits you.
* * * LOW HITPOINT WARNING * * *
You miss the gnoll.
The gnoll is lightly wounded.
The gnoll barely misses you. The ooze hits you.
You die...

#........##...........#....
#........##...........#.....
#................(....#.....
#.........>.................
#.......................
#...............g....####..
#.............(.............
##..........###.....##########
#......###.)@g...............
#......###...J.....##########
#.......##.................
#.......###..)............
..........................
..........................
#.........................
#.........................
#.........................


You could see an ooze and a gnoll.

Vanquished Creatures
  An adder (D:2)
  3 gnolls (D:2)
  2 worms
  An ooze (D:1)
  4 giant geckos
  A ball python (D:1)
  4 bats
  9 goblins
  5 hobgoblins (D:1)
  3 jackals (D:1)
  5 kobolds
  2 giant cockroaches (D:1)
  6 giant newts
  3 rats
49 creatures vanquished.

Notes
Turn   | Place    | Note
--------------------------------------------------------------
     0 | D:1      | Malachi, the Vampire Assassin, began the quest for the Orb.
     0 | D:1      | Reached XP level 1. HP: 15/15 MP: 1/1
     3 | D:1      | Reached skill level 6 in Stealth
   802 | D:1      | Reached XP level 2. HP: 21/21 MP: 2/2
  1344 | D:1      | Found an iron altar of Okawaru.
  1382 | D:1      | Became a worshipper of Warmaster Okawaru
  1782 | D:1      | Reached XP level 3. HP: 19/26 MP: 3/3
  2296 | D:1      | Reached skill level 7 in Stealth
  3429 | D:2      | Reached XP level 4. HP: 33/33 MP: 4/4
  3524 | D:2      | Slain by an ooze

Action                   |  1- 3 |  4- 6 || total
-------------------------+-------+-------++-------
Melee: Dagger            |   187 |    19 ||   206
       Flail             |       |     2 ||     2
 Fire: Blowgun           |     5 |     6 ||    11
  Use: Scroll            |     1 |       ||     1
       Potion            |     1 |       ||     1
 Stab: Sleeping          |     9 |       ||     9
       Distracted        |     1 |       ||     1
